 Dungeon Crawl Stone Soup version 0.14-b1-45-gfd36cc2 (webtiles) character file.

82242 Broswagonist the Destroyer (level 15, 0/72 HPs)
             Began as a Deep Elf Conjurer on Apr 8, 2014.
             Was the Champion of Vehumet.
             Shot with an arrow by an orc warrior (20 damage)
             ... on Level 4 of the Orcish Mines.
             The game lasted 03:43:08 (22337 turns).

Broswagonist the Destroyer (Deep Elf Conjurer)     Turns: 22337, Time: 03:43:08

HP   0/72        AC 13     Str  5      XL: 15   Next: 21%
MP   5/40        EV 18     Int 27      God: Vehumet [******]
Gold 2797        SH 11     Dex 15      Spells: 10 memorised,  0 levels left

rFire  + + .     SeeInvis .     b - staff of conjuration
rCold  . . .     Clarity  .     z - +2 robe {rF+}
rNeg   . . .     Conserve .     q - +1 buckler {AC+3}
rPois  +         rCorr    .     u - +0 helmet
rElec  .         rRot     .     y - +2 cloak
SustAb . .       Spirit   .     (no gloves)
rMut   +         Warding  .     C - +0 pair of boots
Saprov . . .     Stasis   .     p - amulet of resist mutation
MR     +....                    F - ring of Khoskaf {Hunger rPois rF+}
                                f - +1 ring of protection

@: delayed fireball, somewhat resistant to hostile enchantments, very stealthy
A: no striking features
a: Renounce Religion, Release Delayed Fireball


You were on level 4 of the Orcish Mines.
You worshipped Vehumet.
Vehumet was exalted by your worship.
You were hungry.

You visited 4 branches of the dungeon, and saw 22 of its levels.
You also visited: Labyrinth.

You collected 2797 gold pieces.

Inventory:

Hand weapons
 j - a +0,+1 flail of crushing
Armour
 e - a cursed +0 robe
 l - a +1 leather armour of fire resistance
 q - a +1 buckler of protection (worn)
 u - a +0 helmet (worn)
 y - a +2 cloak (worn)
 z - a +2 robe of fire resistance (worn)
 C - a +0 pair of boots (worn)
Magical devices
 i - a wand of disintegration (9)
 G - a wand of draining (0)
Comestibles
 d - 3 meat rations
 m - 3 chunks of orc flesh
Scrolls
 c - a scroll of magic mapping
 h - 3 scrolls of teleportation
Jewellery
 f - a +1 ring of protection (left hand)
 k - an uncursed amulet of stasis
 p - an amulet of resist mutation (around neck)
 t - an uncursed ring of sustain abilities
 F - the ring of Khoskaf (right hand) {Hunger rPois rF+}
   (You found it on level 6 of the Lair of Beasts)

   [ring of hunger]

   It protects you from fire.
   It protects you from poison.
Potions
 a - 2 potions of flight
 o - 3 potions of curing
 s - 3 potions of brilliance
Magical staves
 b - an uncursed staff of conjuration (weapon)


   Skills:
 - Level 9.9 Dodging
 - Level 10.7 Stealth
 + Level 4.1 Shields
 - Level 17.5 Spellcasting
 - Level 20.4 Conjurations


You couldn't memorise any spells.
You knew the following spells:

 Your Spells              Type           Power        Failure   Level  Hunger
a - Magic Dart            Conj           ####         0%          1    None
c - Dazzling Spray        Conj/Hex       #######.     1%          3    None
d - Delayed Fireball      Conj/Fire      N/A          8%          7    #####..
e - Fulminant Prism       Conj/Hex       #######...   1%          4    None
g - Lightning Bolt        Conj/Air       #######...   1%          5    None
s - Conjure Ball Lightni  Conj/Air       #######...   1%          6    ###....
x - Spellforged Servitor  Conj/Summ      #######...   8%          7    #####..
z - Iskenderun's Battles  Conj/Chrm      #######.     1%          5    None
A - Iskenderun's Mystic   Conj           ########     0%          4    None
Z - Orb of Destruction    Conj           ########..   1%          7    #####..


Dungeon Overview and Level Annotations

Branches:
Dungeon (9/15)             Temple (1/1) D:6             Orc (4/4) D:9
   Lair (8/8) D:9           Swamp (0/5) Lair:3       Spider (0/5) Lair:3
  Slime (0/6) Lair:7
    Elf: Orc:3-4

Altars:
Ashenzari
Cheibriados
Elyvilon
Makhleb
Vehumet
Yredelemnul
The Shining One

Shops:
D:5 :   D:7 *   D:9 *   Orc:4 ?


Message History

You hear a grinding noise.
You swap places.
The orc warrior shoots an arrow.
The arrow hits your battlesphere.
Your battlesphere is destroyed!
The orc warrior unwields an uncursed great mace.
The orc warrior wields a crossbow.
The orc warrior shoots a bolt.
The bolt hits you!
You see here a bolt.
You see here a tomahawk.
Casting: Spellforged Servitor
Confirm with . or Enter, or press ? or * to list all spells.
Okay, then.
Drink which item? (? for menu, Esc to quit)
Okay, then.
An orc warrior comes into view.
It is wielding a demon trident of venom.
There is a stone staircase leading up here.
Things that are here:
an arrow; a bolt The orc warrior shoots an arrow.
The arrow hits you!
You die...

#................))).#...#
#...............#)#......#
#...[...........).o.....##
... .......o.).)....#
...).............##
.........#..)......#
..........(((##.......
.........()##........
.#...o.#@#)......##
###...(#()......##
##....(§o...#.#.##
#......8#.##...##
##.###.#### #.## # ### ##


You could see 2 orc warriors and a friendly spellforged servitor.

Vanquished Creatures
  Donald (Orc:4)
  Maud (Lair:3)
  A spellforged servitor (Lair:8)
  A minotaur (Lab)
  Harold (Lair:1)
  Nessos (Orc:4)
  7 hydras
  18 death yaks
  Nergalle (Lair:7)
  A catoblepas (Lair:6)
  Erolcha (D:8)
  2 orc knights (Orc:4)
  A hill giant (D:8)
  Joseph (D:8)
  2 griffons
  6 black mambas
  18 elephants
  A gargoyle (Lab)
  13 spiny frogs
  7 komodo dragons
  A wandering mushroom (Lair:8)
  A spriggan druid (Lair:8)
  7 giant fireflies (Lair:8)
  2 trolls
  2 polar bears
  A two-headed ogre (D:7)
  A minotaur skeleton (Lab)
  8 grizzly bears
  A spectral orc (Lair:7)
  24 blink frogs
  13 spriggans (Lair:8)
  A tarantella (Lair:3)
  An elephant slug (Lair:6)
  Eustachio (D:8)
  8 sharks
  38 yaks
  10 hippogriffs
  3 vampire mosquitoes (Lair:3)
  A hungry ghost (D:9)
  16 wolves
  12 swamp worms (Lair:6)
  19 water moccasins
  A warg (Orc:4)
  8 porcupines
  2 giant goldfish (Lair:5)
  A sky beast (D:7)
  2 phantoms
  8 black bears
  2 yellow wasps
  20 orc warriors
  An ice beast (D:8)
  A boring beetle (Lair:6)
  10 crocodiles
  10 ogres
  Sigmund (D:2)
  9 centaurs
  15 giant slugs
  7 big kobolds
  18 giant frogs
  A gnoll sergeant (D:8)
  A fulminant prism (Lair:1)
  3 electric eels (Lair:5)
  A scorpion (D:8)
  14 wights
  A killer bee (D:5)
  A giant frog zombie (D:6)
  9 crimson imps
  6 jellies
  A quasit (D:7)
  A goliath beetle (D:5)
  17 orc priests
  2 big fish (Lair:5)
  19 orc wizards
  An elf skeleton (D:9)
  11 hounds
  7 iguanas
  An orange rat (D:7)
  4 worker ants
  5 sheep (Lair:7)
  A hound zombie (D:5)
  9 gnolls
  71 green rats
  20 adders
  An orc skeleton (D:4)
  2 shadow imps
  2 giant mites
  9 worms
  2 giant eyeballs
  5 giant geckos
  3 oozes (Lair:7)
  138 orcs
  6 giant cockroaches
  19 goblins
  20 hobgoblins
  28 jackals
  11 quokkas
  4 ball pythons
  25 bats
  6 giant newts
  62 kobolds
  A kobold zombie (D:6)
  38 rats
  A rat skeleton (D:6)
  8 fungi
  3 plants
973 creatures vanquished.

Vanquished Creatures (collateral kills)
  A hydra (Lair:8)
  2 death yaks (Lair:8)
  A spriggan (Lair:8)
  A ball lightning (Lair:8)
  A spiny frog (Lair:8)
  A giant firefly (Lair:8)
  An elephant slug (Lair:8)
  A green rat (Lair:8)
9 creatures vanquished.

Vanquished Creatures (others)
  49 ball lightnings
  A water moccasin (Lair:7)
  A giant slug (Lair:7)
  185 fulminant prisms
  3 fungi
  3 plants (Lair:6)
242 creatures vanquished.

Grand Total: 1224 creatures vanquished

Notes
Turn   | Place    | Note
--------------------------------------------------------------
     0 | D:1      | Broswagonist, the Deep Elf Conjurer, began the quest for the Orb.
     0 | D:1      | Reached XP level 1. HP: 10/10 MP: 5/5
   198 | D:1      | Reached XP level 2. HP: 13/15 MP: 4/8
   202 | D:1      | Learned a level 2 spell: Searing Ray
   210 | D:1      | Reached skill level 5 in Conjurations
   758 | D:2      | Reached XP level 3. HP: 19/19 MP: 6/10
   763 | D:2      | Learned a level 3 spell: Dazzling Spray
   767 | D:2      | Noticed Sigmund
   918 | D:2      | Found a burning altar of Makhleb.
  1110 | D:2      | Found a glowing golden altar of the Shining One.
  1460 | D:2      | Reached skill level 6 in Conjurations
  1748 | D:2      | Killed Sigmund
  1748 | D:2      | Reached XP level 4. HP: 15/24 MP: 0/13
  1903 | D:3      | Reached XP level 5. HP: 28/28 MP: 9/16
  1909 | D:3      | Learned a level 4 spell: Iskenderun's Mystic Blast
  1993 | D:3      | Noticed a big kobold
  1993 | D:3      | Noticed a big kobold
  2067 | D:3      | HP: 1/28 [big kobold/trident (10)]
  2069 | D:3      | Killed a big kobold
  2069 | D:3      | Reached skill level 7 in Conjurations
  2304 | D:3      | Killed a big kobold
  2304 | D:3      | Reached skill level 5 in Spellcasting
  2304 | D:3      | Reached XP level 6. HP: 24/32 MP: 3/21
  2311 | D:3      | Learned a level 4 spell: Fulminant Prism
  2319 | D:3      | Noticed a big kobold
  2353 | D:3      | Killed a big kobold
  2492 | D:3      | Noticed a big kobold
  2501 | D:3      | Killed a big kobold
  2534 | D:3      | Noticed a big kobold
  2696 | D:3      | Killed a big kobold
  2696 | D:3      | Reached XP level 7. HP: 18/36 MP: 0/25
  2703 | D:3      | Learned a level 5 spell: Iskenderun's Battlesphere
  3076 | D:3      | Found a radiant altar of Vehumet.
  3088 | D:3      | Became a worshipper of Vehumet
  3271 | D:3      | Noticed a giant frog
  3277 | D:3      | Killed a giant frog
  3434 | D:3      | Reached skill level 8 in Conjurations
  3615 | D:4      | Acquired Vehumet's first power
  3615 | D:4      | Offered knowledge of Flame Tongue by Vehumet.
  3953 | D:4      | Reached skill level 9 in Conjurations
  4075 | D:4      | Reached XP level 8. HP: 41/41 MP: 13/26
  4403 | D:5      | Entered Level 5 of the Dungeon
  4432 | D:5      | Offered knowledge of Sandblast by Vehumet.
  4572 | D:5      | Found Niheib's Book Shop.
  4582 | D:5      | Reached skill level 10 in Conjurations
  4777 | D:5      | Reached skill level 11 in Conjurations
  5060 | D:6      | Offered knowledge of Stone Arrow by Vehumet.
  5084 | D:6      | Reached skill level 12 in Conjurations
  5084 | D:6      | Reached XP level 9. HP: 36/45 MP: 1/28
  5243 | D:6      | Found a snail-covered altar of Cheibriados.
  5388 | D:6      | Acquired Vehumet's second power
  5690 | D:6      | Found a staircase to the Ecumenical Temple.
  6000 | D:7      | Found a burning altar of Makhleb.
  6032 | D:7      | Reached skill level 13 in Conjurations
  6123 | D:7      | Offered knowledge of Throw Icicle by Vehumet.
  6461 | Temple   | Entered the Ecumenical Temple
  6649 | D:7      | Acquired Vehumet's third power
  6746 | D:7      | Found Cradara's General Store.
  6859 | D:8      | Reached skill level 14 in Conjurations
  6885 | D:8      | Noticed Joseph
  6903 | D:8      | Killed Joseph
  7000 | D:8      | Noticed Eustachio
  7005 | D:8      | Noticed a hill giant
  7113 | D:8      | Reached XP level 10. HP: 14/50 MP: 20/29
  7169 | D:8      | Offered knowledge of Olgreb's Toxic Radiance by Vehumet.
  7368 | D:8      | Noticed Erolcha
  7384 | D:8      | Killed Erolcha
  7384 | D:8      | Reached skill level 15 in Conjurations
  7709 | D:8      | Killed a hill giant
  7910 | D:8      | Killed Eustachio
  7910 | D:8      | Reached skill level 16 in Conjurations
  7967 | D:9      | Found a staircase to the Lair.
  7982 | D:9      | Found Qapt's Assorted Antiques.
  8223 | D:9      | Found a staircase to the Orcish Mines.
  8246 | D:9      | Offered knowledge of Iron Shot by Vehumet.
  8338 | D:9      | Reached XP level 11. HP: 54/54 MP: 15/30
  8506 | Lair:1   | Entered Level 1 of the Lair of Beasts
  8840 | D:8      | Reached skill level 17 in Conjurations
  8886 | Lair:1   | Found a white marble altar of Elyvilon.
  9199 | Lair:1   | Noticed Harold
  9202 | Lair:1   | Killed Harold
  9871 | Lair:2   | Reached skill level 18 in Conjurations
 11339 | Lair:3   | Offered knowledge of Delayed Fireball by Vehumet.
 11521 | Lair:3   | Noticed an eight-headed hydra
 11529 | Lair:3   | Killed an eight-headed hydra
 11538 | Lair:3   | Learned a level 7 spell: Delayed Fireball
 11611 | Lair:3   | Noticed Maud
 11640 | Lair:3   | Killed Maud
 11774 | Lair:3   | Found a staircase to the Swamp.
 11803 | Lair:3   | Reached XP level 12. HP: 52/59 MP: 28/32
 11932 | Lair:3   | Reached skill level 19 in Conjurations
 11967 | Lair:3   | Found a hole to the Spider Nest.
 12481 | Lair:4   | Noticed a six-headed hydra
 12485 | Lair:4   | Killed a six-headed hydra
 12556 | Lair:4   | Reached skill level 20 in Conjurations
 12703 | Lair:4   | Found a labyrinth entrance.
 12730 | Lair:4   | Identified a scroll of acquirement
 12745 | Lab      | Entered a labyrinth
 13092 | Lab      | Noticed a minotaur
 13095 | Lab      | Killed a minotaur
 13105 | Lab      | Identified Khekhluuf's Advanced Secret Knowledge
 13683 | Lair:4   | Reached skill level 5 in Stealth
 13687 | Lair:4   | Reached skill level 5 in Dodging
 13850 | Lair:5   | Noticed an eight-headed hydra
 13854 | Lair:5   | Killed an eight-headed hydra
 13854 | Lair:5   | Reached XP level 13. HP: 63/63 MP: 7/33
 14124 | Lair:5   | Reached skill level 10 in Spellcasting
 14187 | Lair:5   | Learned a level 5 spell: Lightning Bolt
 14221 | Lair:5   | Offered knowledge of Conjure Ball Lightning by Vehumet.
 15595 | Lair:6   | Learned a level 6 spell: Conjure Ball Lightning
 15805 | Lair:6   | Offered knowledge of Poison Arrow by Vehumet.
 16004 | Lair:6   | Got an ancient wooden ring
 16005 | Lair:6   | Identified the ring of Khoskaf {Hunger rPois rF+} (You found it on level 6 of the Lair of Beasts)
 16621 | Lair:7   | Noticed Nergalle
 16860 | Lair:7   | Reached XP level 14. HP: 68/68 MP: 19/37
 16884 | Lair:7   | Reached skill level 10 in Stealth
 17151 | Lair:7   | Found a staircase to the Slime Pits.
 17553 | Lair:4   | Offered knowledge of Spellforged Servitor by Vehumet.
 18199 | Lair:7   | Killed Nergalle
 18295 | Lair:8   | Entered Level 8 of the Lair of Beasts
 18660 | Lair:8   | Learned a level 7 spell: Spellforged Servitor
 18719 | Lair:8   | Reached skill level 15 in Spellcasting
 19363 | Lair:8   | Offered knowledge of Bolt of Cold by Vehumet.
 19833 | Lair:8   | Reached XP level 15. HP: 72/72 MP: 31/40
 20011 | Orc:1    | Entered Level 1 of the Orcish Mines
 20404 | Orc:2    | Learned a level 7 spell: Orb of Destruction
 20898 | Orc:2    | Offered knowledge of Ozocubu's Refrigeration by Vehumet.
 20899 | Orc:2    | Reached skill level 1 in Shields
 21296 | Orc:3    | Found a burning altar of Makhleb.
 21884 | Orc:4    | Entered Level 4 of the Orcish Mines
 21884 | Orc:4    | Noticed Nessos
 21894 | Orc:4    | Killed Nessos
 22246 | Orc:4    | Found Trayb's Magic Scroll Shop.
 22283 | Orc:4    | Noticed Donald
 22290 | Orc:4    | Killed Donald
 22337 | Orc:4    | Shot with an arrow by an orc warrior

Action                   |  1- 3 |  4- 6 |  7- 9 | 10-12 | 13-15 || total
-------------------------+-------+-------+-------+-------+-------++-------
Melee: Club              |     5 |       |       |       |       ||     5
       Whip              |     9 |    16 |    18 |       |       ||    43
       Spear             |       |       |    33 |    86 |       ||   119
       Trident           |       |       |       |    48 |       ||    48
       Staff             |       |       |       |     2 |     3 ||     5
 Cast: Magic Dart        |    59 |    50 |   177 |   236 |   589 ||  1111
       Searing Ray       |     2 |    12 |    20 |    29 |     6 ||    69
       Dazzling Spray    |     7 |    12 |    33 |    42 |     1 ||    95
       Iskenderun's Myst |       |     1 |    17 |    76 |    40 ||   134
       Fulminant Prism   |       |       |    32 |    56 |   100 ||   188
       Iskenderun's Batt |       |       |       |    36 |   103 ||   139
       Delayed Fireball  |       |       |       |     3 |     4 ||     7
       Conjure Ball Ligh |       |       |       |       |    21 ||    21
       Spellforged Servi |       |       |       |       |     6 ||     6
       Lightning Bolt    |       |       |       |       |     7 ||     7
       Orb of Destructio |       |       |       |       |     1 ||     1
 Abil: Release Delayed F |       |       |       |     2 |     4 ||     6
Evoke: Wand              |       |       |       |    12 |     5 ||    17
  Use: Scroll            |     6 |     1 |    18 |    16 |    10 ||    51
       Potion            |       |       |       |     6 |     3 ||     9
 Stab: Invisible         |       |     2 |     1 |     4 |       ||     7
       Sleeping          |       |       |     1 |     2 |       ||     3
